 Dungeon Crawl Stone Soup version 0.27.0-1-g7a089689b8 (webtiles) character file.

Game seed: 7144566961465145516

88 pkoi the Insei (level 4, 0/38 HPs)
             Began as a Draconian Monk on Aug 10, 2021.
             Was a Believer of Jiyva.
             Slain by an iguana (9 damage)
             ... on level 4 of the Dungeon.
             The game lasted 00:02:25 (2723 turns).

pkoi the Insei (Draconian Monk)                     Turns: 2723, Time: 00:02:26

Health: 0/38       AC:  6    Str: 14    XL:     4   Next: 30%
Magic:  4/4        EV: 12    Int:  9    God:    Jiyva [**....]
Gold:   110        SH:  0    Dex: 15    Spells: 3/3 levels left

rFire    . . .     SeeInvis .     - Unarmed
rCold    . . .     Faith    .   (no shield)
rNeg     . . .     Spirit   .   (armour unavailable)
rPois    .         Reflect  .   (helmet restricted)
rElec    .         Harm     .   g - +0 cloak
rCorr    .         Rampage  .   (no gloves)
Will     .....                  (no boots)
Stlth    ++........             (no amulet)
HPRegen  0.12/turn              (no ring)
MPRegen  0.09/turn              (no ring)

@: no status effects
A: AC +5, unfitting armour, cold-blooded
a: Renounce Religion, Request Jelly


You were on level 4 of the Dungeon.
You worshipped Jiyva.
Jiyva was pleased with you.
You visited 1 branch of the dungeon, and saw 4 of its levels.

You collected 110 gold pieces.

Inventory:

Armour
 g - a +0 cloak (worn)
Jewellery
 d - a +6 ring of strength
 h - a ring of willpower
Scrolls
 b - a scroll of noise {unknown}
 c - a scroll of amnesia {unknown}
 i - a scroll of identify {unknown}
Potions
 a - a potion of heal wounds {unknown}
 e - a potion of brilliance {unknown}
 f - 3 potions of curing {unknown}


   Skills:
 - Level 3.2 Fighting
 - Level 2.6 Dodging
 - Level 1.7 Stealth
 + Level 5.2 Unarmed Combat


You had 3 spell levels left.
You didn't know any spells.
Your spell library contained the following spells:

 Spells                   Type           Power      Damage    Failure   Level
 Alistair's Intoxication  Tmut/Pois      0%         N/A       100%        5
 Borgnjor's Vile Clutch   Necr/Erth      0%         N/A       100%        5
 Eringya's Noxious Bog    Tmut/Pois      0%         N/A       100%        6


Dungeon Overview and Level Annotations

Branches:
Dungeon (4/15)
 Temple: D:4-7

Altars:
Jiyva


Innate Abilities, Weirdness & Mutations

Your plain brown scales are hard. (AC +5)
You cannot fit into any form of body armour.
You are cold-blooded and may be slowed by cold attacks.


Message History

Found a stone staircase leading down.
There is a stone staircase leading down here.
You open the door.
There is an open door here.
Key pressed, stopping explore.
Jiyva's power touches on your attributes.
You feel agile.
You feel stupid.
Found a stone staircase leading down.
Done exploring.
Done exploring.
Done exploring.
Done exploring.
(D) Dungeon
Where to? (Enter - D:3, ? - help)
There is a stone staircase leading down here.
You climb downwards.
An iguana comes into view.
Found an escape hatch in the floor.
There is a stone staircase leading up here.
An iguana is nearby!
The helpless iguana fails to defend itself.
You hit the iguana but do no damage. You hit the iguana but do no damage.
The iguana bites you!
You barely miss the iguana. The iguana closely misses you.
You hit the iguana.
The iguana is heavily wounded.
The iguana bites you!
You hit the iguana but do no damage.
The iguana is heavily wounded.
The iguana bites you!
* * * LOW HITPOINT WARNING * * *
You hit the iguana but do no damage.
The iguana is heavily wounded.
The iguana bites you.
* * * LOW HITPOINT WARNING * * *
You closely miss the iguana.
The iguana is heavily wounded.
The iguana bites you!
You die...

#.# ..# #.# ..#
#.# #.#
#######.#######
......l@.....>.
###.###########


You could see an iguana.

Vanquished Creatures
  3 adders (D:2)
  A worm (D:2)
  A dart slug (D:3)
  3 endoplasms
  3 giant cockroaches
  7 goblins
  5 hobgoblins
  4 jackals (D:2)
  6 kobolds
  A quokka (D:1)
  3 ball pythons
  7 bats
  4 frilled lizards
  2 rats
50 creatures vanquished.

Vanquished Creatures (others)
  A worm (D:3)
  A ball python (D:3)
2 creatures vanquished.

Grand Total: 52 creatures vanquished

Notes
Turn   | Place    | Note
-------+----------+-------------------------------------------
     0 | D:1      | pkoi the Draconian Monk began the quest for the Orb.
     0 | D:1      | Reached XP level 1. HP: 19/19 MP: 1/1
   221 | D:1      | Reached XP level 2. HP: 26/26 MP: 2/2
   499 | D:1      | Reached skill level 4 in Unarmed Combat
   809 | D:2      | Reached XP level 3. HP: 21/31 MP: 3/3
  1501 | D:2      | Reached skill level 5 in Unarmed Combat
  1501 | D:2      | Reached XP level 4. HP: 29/38 MP: 4/4
  1990 | D:3      | Found a faded altar of an unknown god.
  2001 | D:3      | Became a worshipper of Jiyva Jeninn the Shapeless
  2001 | D:3      | Reached * piety under Jiyva
  2001 | D:3      | Reached ** piety under Jiyva
  2723 | D:4      | Slain by an iguana

Illustrated notes

Levels and vault maps discovered:
D:1:      dpeg_arrival_stonehenge_12_columns, layout_rooms, kennysheep_boxes
D:2:      layout_basic
D:3:      layout_loops_corners, hellmonk_ecumenical_altar_zigzags,
          kennysheep_big_empty_room, minivault_25
D:4:      layout_loops_ring, chequers_temple_overflow_minitemple,
          minmay_temple_entry_mini_moons, mrwooster_statue_mirror

Skill      XL: |  1  2  3 |
---------------+----------+-----
Unarmed Combat | 4 5 |  5.2
Fighting       | |  3.2
Dodging        | |  2.6
Stealth        | |  1.7

Action                   |  1- 3 |  4- 6 || total
-------------------------+-------+-------++-------
Melee: Unarmed           |   150 |    32 ||   182
       Tailslap          |    10 |     2 ||    12
       Punch             |     2 |       ||     2
 Stab: Sleeping          |     4 |     3 ||     7
Armor: Skin              |    52 |    20 ||    72
Dodge: Dodged            |    94 |    18 ||   112
